 Dungeon Crawl Stone Soup version 0.24.1-14-gf8d2b509d9 (webtiles) character file.

Game seed: 15659934570204444997, levelgen mode: deterministic

125 mortelune the Changer (level 5, 0/35 HPs)
             Began as an Octopode Transmuter on May 17, 2020.
             Slain by a river rat (4 damage)
             ... on level 4 of the Dungeon.
             The game lasted 00:05:06 (3886 turns).

mortelune the Changer (Octopode Transmuter)         Turns: 3886, Time: 00:05:07

Health: 0/35       AC:  1    Str:  9    XL:     5   Next: 9%
Magic:  5/9        EV: 13    Int: 17    God:
Gold:   170        SH:  0    Dex: 12    Spells: 3/9 levels left

rFire    . . .     SeeInvis .     - Unarmed
rCold    . . .     Gourm    .   (no shield)
rNeg     . . .     Faith    .   (helmet restricted)
rPois    .         Spirit   .   (no amulet)
rElec    .         Reflect  .   (no ring)
rCorr    .         Harm     .   (no ring)
MR       .....                  (no ring)
Stlth    +++.......             (no ring)
HPRegen  0.11/turn              (no ring)
MPRegen  0.11/turn              (no ring)
                                (no ring)
                                (no ring)

@: no status effects
A: almost no armour, stealthy swim, amphibious, 8 rings, constrict 8, camouflage
1, gelatinous body 1
a: no special abilities


You were on level 4 of the Dungeon.
You were near starving.

You visited 1 branch of the dungeon, and saw 4 of its levels.

You collected 170 gold pieces.

Inventory:

Hand Weapons
 b - a +0 hunting sling
Missiles
 i - 37 arrows
 Q - 53 stones (quivered)
Jewellery
 p - an uncursed amulet of regeneration {unknown}
Scrolls
 a - a scroll of noise {unknown}
 f - a scroll of immolation {unknown}
 g - 3 scrolls of remove curse
 o - a scroll of teleportation {unknown}
Potions
 d - a potion of resistance {unknown}
 e - 2 potions of lignification {unknown}
 h - a potion of curing {unknown}
 j - a potion of heal wounds {unknown}
 k - a potion of flight {unknown}
 l - 2 potions of brilliance {unknown}
 n - a potion of degeneration {unknown}
Comestibles
 c - 5 rations


   Skills:
 + Level 2.4 Fighting
 - Level 2.0 Dodging
 - Level 3.0 Unarmed Combat
 + Level 2.8 Spellcasting
 * Level 3.9 Transmutations


You had 3 spell levels left.
You knew the following spells:

 Your Spells              Type           Power        Failure   Level  Hunger
a - Beastly Appendage     Tmut           ###...       3%          1    #......
b - Sticks to Snakes      Tmut           ###.....     5%          2    ##.....
c - Spider Form           Tmut/Pois      #.........   24%         3    ###....

Your spell library contained the following spells:

 Spells                   Type           Power        Failure   Level  Hunger
 Ice Form                 Ice/Tmut       #.......     63%         4    #####..
 Blade Hands              Tmut           ###.......   69%         5    ######.


Dungeon Overview and Level Annotations

Branches:
Dungeon (4/15)
 Temple: D:4-7

Altars:
Ashenzari
Kikubaaqudgha
Nemelex Xobeh
Wu Jian
Zin


Innate Abilities, Weirdness & Mutations

You cannot wear most types of armour.
You are very stealthy in the water. (Stealth+)
You are amphibious.
You can wear up to eight rings at the same time.
You can use your tentacles to constrict eight enemies at once.
Your skin changes colour to match your surroundings (Stealth+).
Your rubbery body absorbs attacks. (AC +1, EV +1)


Message History

Confirm with . or Enter, or press ? or * to list all spells.
You create a snake!
You now have 38 arrows.
The river rat bites you.
* * * LOW HITPOINT WARNING * * *
You swap places.
Your ball python completely misses the river rat.
Your ball python grabs the river rat.
Your ball python constricts the river rat.
The river rat barely misses your ball python.
Your ball python bites the river rat but does no damage.
Your ball python constricts the river rat.
The river rat bites your ball python.
Your ball python dies!
Casting: Sticks to Snakes (safe; 5% risk of failure)
Confirm with . or Enter, or press ? or * to list all spells.
You create a snake!
You now have 37 arrows.
Your ball python barely misses the river rat.
Your ball python grabs the river rat.
Your ball python constricts the river rat.
The river rat bites you.
You die...

........# *...# #..# #.# *,*
####....####
*#########.###'###.#
#..###≈≈####≈≈##.............#
#....≈≈≈≈≈≈≈≈≈≈#...)...##.....
#.#.##≈≈####≈≈##....##)#*#####
***#...#####≈≈##≈########.# *
,,......#≈≈≈≈≈≈#†# #.# *
#.#######l≈≈≈∩≈#≈# #.# #,*
#≈##≈≈##@# #.# ***** *,*
##≈≈####r≈#### #.# *,,,, *,*
#≈≈≈†≈≈≈S≈≈#.#####.# *,*** *,*
##≈≈####≈≈##....##.# *,# * *,*
#############.##.##.###>## ,,*
##..>.............).......#
***
#....(.........##.#.####.## *
#..###†.##..).....#.# **# *
#..#.......##..####.#


You could see a river rat and a friendly ball python.

Vanquished Creatures
  A worker ant (D:4)
  2 adders
  A worm (D:3)
  2 dart slugs
  4 leopard geckos
  5 orcs
  6 bats
  5 giant cockroaches
  8 goblins
  3 hobgoblins
  4 quokkas
  2 frilled lizards
  12 kobolds
  11 rats
66 creatures vanquished.

Vanquished Creatures (others)
  A human (D:2)
1 creature vanquished.

Grand Total: 67 creatures vanquished

Notes
Turn   | Place    | Note
-------+----------+-------------------------------------------
     0 | D:1      | mortelune the Octopode Transmuter began the quest for the
                  | Orb.
     0 | D:1      | Reached XP level 1. HP: 13/13 MP: 3/3
   276 | D:1      | Reached XP level 2. HP: 12/18 MP: 5/5
   372 | D:1      | Learned a level 2 spell: Sticks to Snakes
  1056 | D:1      | Reached XP level 3. HP: 23/23 MP: 6/6
  1477 | D:2      | Found an ancient bone altar of Kikubaaqudgha.
  1478 | D:2      | Noticed a human
  1479 | D:2      | Killed a human
  2253 | D:2      | Learned a level 3 spell: Spider Form
  2845 | D:3      | Found an ornate altar of the Wu Jian Council.
  2865 | D:3      | Found a glowing silver altar of Zin.
  3020 | D:3      | Reached XP level 4. HP: 28/29 MP: 7/7
  3545 | D:3      | Found a sparkling altar of Nemelex Xobeh.
  3643 | D:4      | Found a shattered altar of Ashenzari.
  3850 | D:4      | Reached XP level 5. HP: 31/35 MP: 9/9
  3886 | D:4      | Slain by a river rat

Levels and vault maps discovered:
D:1:      dpeg_arrival_water_temple_mockup, layout_rooms, roderic_lattice_a
D:2:      layout_basic, tgw_kikubaaqudgha
D:3:      layout_basic, zin_academy, overflow_temple_1_default,
          chequers_serial_rivers_small_a, nemelex_lonely_heart_becter
D:4:      layout_loops_cross, lemuel_doored_altar, gup_sewer_entry_bubbles

Skill      XL: |  1  2  3 |
---------------+----------+-----
Transmutations | 3 |  3.9
Fighting       | 2 |  2.4
Dodging        | |  2.0
Unarmed Combat | |  3.0
Spellcasting   | |  2.8

Action                   |  1- 3 |  4- 6 || total
-------------------------+-------+-------++-------
Melee: Unarmed           |    92 |    65 ||   157
       Constrict         |    30 |    14 ||    44
       Tentacles         |    22 |     6 ||    28
       Punch             |     1 |       ||     1
       Kick              |     3 |     1 ||     4
 Fire: Hunting sling     |    29 |       ||    29
 Cast: Beastly Appendage |     7 |     3 ||    10
       Sticks to Snakes  |       |     5 ||     5
       Spider Form       |       |     1 ||     1
  Use: Scroll            |       |     3 ||     3
 Stab: Sleeping          |     5 |     4 ||     9
       Distracted        |     1 |       ||     1
  Eat: Chunk             |     7 |     1 ||     8
Armor: Skin              |    11 |    10 ||    21
Dodge: Dodged            |    68 |    48 ||   116
